 Dungeon Crawl Stone Soup version 0.28-a0-1560-g060a6a1bfc (webtiles) character file.

Game seed: 7419691866170358674

266 BritishOli the Chopper (level 6, 47/47 HPs)
             Began as a Demonspawn Gladiator on Jan 19, 2022.
             Got out of the dungeon alive.
             The game lasted 00:03:37 (3977 turns).

BritishOli the Chopper (Demonspawn Gladiator)       Turns: 3977, Time: 00:03:37

Health: 47/47      AC:  8    Str: 17    XL:     6   Next: 0%
Magic:  6/6        EV: 13    Int:  9    God:
Gold:   111        SH:  8    Dex: 14    Spells: 5/5 levels left

rFire   . . .      SeeInvis .   o - +0 broad axe
rCold   . . .      Faith    .   (no shield)
rNeg    . . .      Spirit   .   b - +0 leather armour
rPois   .          Reflect  .   c - +0 helmet
rElec   .          Harm     .   e - +0 cloak
rCorr   .          Rampage  .   (no gloves)
Will    .....                   f - +2 pair of boots
Stlth   +.........              (no amulet)
HPRegen 0.15/turn               (no ring)
MPRegen 0.10/turn               (no ring)

@: no status effects
A: large bone plates 1, foul stench 1, condensation shield
a: no special abilities


You escaped.
You visited 1 branch of the dungeon, and saw 4 of its levels.

You collected 111 gold pieces.

Inventory:

Hand Weapons
 a - a +0 war axe
 o - a +0 broad axe (weapon)
Missiles
 d - 3 throwing nets (quivered)
Armour
 b - a +0 leather armour (worn)
 c - a +0 helmet (worn)
 e - a +0 cloak (worn)
 f - a +2 pair of boots (worn)
Wands
 n - a wand of flame (14)
Scrolls
 h - 5 scrolls of identify {unknown}
 p - a scroll of teleportation {unknown}
Potions
 g - a potion of attraction {unknown}
 i - 3 potions of haste {unknown}
 j - a potion of mutation {unknown}
 k - a potion of brilliance {unknown}
 l - a potion of flight {unknown}
 m - a potion of degeneration {unknown}


   Skills:
 + Level 3.5 Fighting
 + Level 3.8 Axes
 + Level 3.1 Throwing
 + Level 3.8 Dodging


You had 5 spell levels left.
You didn't know any spells.
Your spell library contained the following spells:

 Spells                   Type           Power      Damage    Failure   Level
 Beastly Appendage        Tmut           0%         N/A       45%         1
 Static Discharge         Conj/Air       0%         N/A       58%         2
 Wereblood                Tmut           0%         N/A       58%         2
 Spider Form              Tmut/Pois      0%         N/A       83%         3
 Lightning Bolt           Conj/Air       0%         1d11      100%        5
 Maxwell's Capacitive Co  Air            0%         ∞         100%        8


Dungeon Overview and Level Annotations

Branches:
Dungeon (4/15)
 Temple: D:4-7

Altars:


Innate Abilities, Weirdness & Mutations

You are partially covered in large bone plates. (SH +4)
You may rarely emit foul miasma when damaged in melee.
A meltable shield of frost defends you. (SH +4)


Message History

You open the door.
An endoplasm comes into view.
You slash the endoplasm!
You kill the endoplasm!
You have reached level 6!
Your demonic ancestry asserts itself...
You begin to emit a foul stench of rot and decay.
There is an open door here.
You open the door.
Found a mace.
No target in view!
Found an escape hatch in the floor.
(D) Dungeon
Where to? (Enter - D:4, ? - help)
There is an open door here.
You see here a quokka corpse.
There is an open door here.
There is a stone staircase leading up here.
You climb upwards.
There is a stone staircase leading down here.
(D) Dungeon
Where to? (Enter - D:3, ? - help)
There is a stone staircase leading up here.
You climb upwards.
There is a stone staircase leading down here.
(D) Dungeon
Where to? (Enter - D:2, ? - help)
You see here a +2 dagger of venom.
Things that are here:
a +0 scale mail; a +0 flail
There is a stone staircase leading up here.
You climb upwards.
There is a stone staircase leading down here.
(D) Dungeon
Where to? (Enter - D:1, ? - help)
Okay, then.
There is an open door here.
There is a staircase leading out of the dungeon here.
Are you sure you want to leave the Dungeon?
This will make you lose the game!
You have escaped!

###### .....#
####.# #.# ######
#.##### #≈≈.@#
####.....####♣≈..#
............#♣♣.≈#
......>##.###≈..♣#
.###.####...#♣..≈#
.#...####.#.'..≈♣#
.......##.###≈.≈♣
.......##.###♣.♣≈#
.......##...##+###


There were no monsters in sight!

Vanquished Creatures
  An orc priest (D:3)
  Jessica (D:2)
  An iguana (D:4)
  Ijyb (D:3)
  Terence (D:2)
  A howler monkey zombie (D:3)
  4 adders
  2 worms
  A dart slug (D:1)
  2 orcs (D:3)
  5 ball pythons
  8 endoplasms
  7 giant cockroaches
  9 goblins
  8 hobgoblins
  6 quokkas
  5 bats
  3 frilled lizards
  4 kobolds
  5 rats
75 creatures vanquished.

Notes
Turn   | Place    | Note
-------+----------+-------------------------------------------
     0 | D:1      | BritishOli the Demonspawn Gladiator began the quest for the
                  | Orb.
     0 | D:1      | Reached XP level 1. HP: 16/16 MP: 1/1
   502 | D:1      | Gained mutation: A meltable shield of frost defends you.
                  | (SH +4) [demonic ancestry]
   502 | D:1      | Reached XP level 2. HP: 22/22 MP: 2/2
  1073 | D:1      | Reached XP level 3. HP: 28/28 MP: 3/3
  1687 | D:2      | Noticed Jessica
  1698 | D:2      | Killed Jessica
  1699 | D:2      | Gained mutation: You are partially covered in large bone
                  | plates. (SH +4) [demonic ancestry]
  1699 | D:2      | Reached XP level 4. HP: 20/34 MP: 4/4
  2015 | D:2      | Noticed Terence
  2028 | D:2      | Killed Terence
  2542 | D:3      | Reached XP level 5. HP: 2/41 MP: 5/5
  2864 | D:3      | Noticed Ijyb
  2875 | D:3      | HP: 2/41 [Ijyb (7)]
  2881 | D:3      | HP: 2/41 [Ijyb (1)]
  2882 | D:3      | Killed Ijyb
  3854 | D:4      | Gained mutation: You may rarely emit foul miasma when
                  | damaged in melee. [demonic ancestry]
  3854 | D:4      | Reached XP level 6. HP: 47/47 MP: 6/6
  3977 | D:$      | Got out of the dungeon alive.

Illustrated notes

Levels and vault maps discovered:
D:1:      tarquinn_simple_flora_water_f, layout_basic, serial_bayou_pond_a
D:2:      layout_basic, wander_ebering_terrifying_dragon_lair, uniq_terence,
          uniq_jessica
D:3:      layout_rooms, uniq_ijyb
D:4:      layout_gridville, gammafunk_ghost_cemetery, uniq_crazy_yiuf_cottage

Skill      XL: |  1  2  3  4  5 |
---------------+----------------+-----
Throwing       | 2 3 |  3.1
Axes           | 3 |  3.8
Dodging        | 3 |  3.8
Fighting       | 3 |  3.5

Action                   |  1- 3 |  4- 6 || total
-------------------------+-------+-------++-------
Melee: War axe           |   126 |   115 ||   241
       Punch             |     4 |       ||     4
       Broad axe         |       |    39 ||    39
 Stab: Sleeping          |       |     2 ||     2
Armor: Leather armour    |    42 |    46 ||    88
Dodge: Dodged            |    80 |    77 ||   157
Block: Other             |    24 |    53 ||    77

Table legend: (Time is in decaauts)
 A = Elapsed time spent in this place.
 B = Non-inter-level travel time spent in this place.
 C = Inter-level travel time spent in this place.
 D = Time resting spent in this place.
 E = Time spent auto-exploring this place.
 F = Levels seen in this place.
 G = Mean time per level.
                   A        B        C        D        E       F      G
               +--------+--------+--------+--------+--------+-----+--------+
         Total |   4077 |   3910 |    167 |     34 |   3200 |   4 | 1019.2 |
       Dungeon |   4077 |   3910 |    167 |     34 |   3200 |   4 | 1019.2 |
               +--------+--------+--------+--------+--------+-----+--------+

Top non-repeatable levels by time:
     D:2: 1333 daAuts
     D:1: 1269 daAuts
     D:3: 1081 daAuts
     D:4: 393 daAuts
